 Dungeon Crawl Stone Soup version 0.31.0-1-g2c135a008e (webtiles) character file.

Game seed: 8818893216264798490

89 qw the Shooter (level 4, 0/35 HPs)
             Began as a Djinni Hunter on Jan 23, 2024.
             Slain by an adder (1 damage)
             ... on level 3 of the Dungeon.
             The game lasted 00:00:08 (2135 turns).

qw the Shooter (Djinni Hunter)                      Turns: 2135, Time: 00:00:08

Health: 0/35       AC:  3    Str: 10    XL:     4   Next: 84%
Gold:   172        EV: 12    Int: 11    God:
                   SH:  0    Dex: 18

rFire   + + .        a - +0 shortbow
rCold   x . .        (shield currently unavailable)
rNeg    . . .        c - +0 leather armour
rPois   inf          (no helmet)
rElec   .            (no cloak)
rCorr   .            (no gloves)
SInv    +            (boots unavailable)
Will    .....        (no amulet)
Stlth   ++           i - ring of see invisible
HPRegen 0.25/turn    (no ring)
MPRegen 0.00/turn

%: infuse magic (-1 HP)
@: flying
A: sickness immunity, fire resistance 2, cold vulnerability 1, float, innate
caster, HP casting, extra vitality 1
a: no special abilities


You were on level 3 of the Dungeon.
You visited 1 branch of the dungeon, and saw 3 of its levels.

You collected 172 gold pieces.


Innate Abilities, Weirdness & Mutations

You are immune to sickness and miasma.
You are immune to poison.
Your flesh is very heat resistant. (rF++)
You are vulnerable to cold. (rC-)
You float through the air rather than walking.
You learn spells naturally, not from books.
Your magical power is your life essence.
You have superior vitality. (+4 MHP)


   Skills:
 - Level 3.1 Fighting
 - Level 4.1 Ranged Weapons
 + Level 2.8 Dodging
 - Level 0.7 Stealth


You knew the following spells:

 Your Spells              Type           Power      Damage    Failure   Level
a - Freeze                Ice            0%         1d3       43%         1
Your spell library was empty.

Inventory:

Hand Weapons
 a - a +0 shortbow (weapon)
Armour
 c - a +0 leather armour (worn)
Jewellery
 i - a ring of see invisible (left hand)
Potions
 b - a potion of curing {unknown}
 f - a potion of enlightenment {unknown}
 h - a potion of might {unknown}
 j - a potion of resistance {unknown}

Dungeon Overview and Level Annotations

Branches:
Dungeon (3/15)

Altars:


Message History

The gnoll hits you with a +0 whip. x2
2123 ||| READING scroll of teleportation.
As you read the scroll of teleportation, it crumbles to dust.
You feel strangely unstable. The gnoll closely misses you.
You shoot an arrow. The arrow barely misses the gnoll. x2
The gnoll is no longer moving quickly.
The gnoll completely misses you.
The gnoll bouda barks out a call to the hunt!
The gnolls pick up the pace!
You shoot an arrow. The arrow closely misses the gnoll.
The arrow hits the gnoll.
The gnoll is severely wounded.
The gnoll is no longer moving quickly.
The gnoll closely misses you.
The gnoll bouda barks out a call to the hunt!
You hear a shout!
You shoot an arrow. The arrow closely misses the gnoll.
The arrow barely misses the gnoll.
Your surroundings suddenly seem different.
Found 15 gold pieces.
Found a stone staircase leading down.
You start resting.
An adder comes into view.
You shoot an arrow. The arrow barely misses the adder.
The adder hisses angrily.
You shoot an arrow. The arrow barely misses the gnoll.
A gnoll comes into view. It is wielding a +0 spear.
The gnoll moves out of view.
You shoot an arrow. The gnoll shouts!
The arrow hits the adder!
The adder is almost dead.
2132 ||| RETREEEEATING.
Found 13 gold pieces.
2133 ||| RETREEEEATING.
The gnoll shouts!
The gnoll barely misses you.
2134 ||| RETREEEEATING.
The gnoll barely misses you.
2135 ||| RETREEEEATING.
The gnoll hits you from afar with a +0 spear.
The adder bites you.
You die...

## #. #####
#.#############..$
# #...#g##...@.##.#
.#
#.g%.....##S..$#..#
##g#....g##g......#
#.#......g#.#....#
#.#....g.........#
#.#....##.....>..#
#.#....##...#.####
#.#....##...+..
#.#$...##...#.#


You could see a gnoll (swift) and an adder.

Vanquished Creatures
  4 adders (D:2)
  3 dart slugs
  A ribbon worm (D:2)
  2 bats (D:2)
  6 endoplasms
  2 giant cockroaches
  4 goblins
  7 hobgoblins
  2 jackals (D:3)
  3 kobolds
  2 ball pythons
  5 frilled lizards
  4 rats (D:1)
45 creatures vanquished.

Notes
Turn   | Place    | Note
-------+----------+-------------------------------------------
     0 | D:1      | qw the Djinni Hunter began the quest for the Orb.
     0 | D:1      | Reached XP level 1. HP: 18/18 MP: 0/0
     0 | D:1      | 0 ||| qw: Version: 0.3-a-136-gdd3b4e8
     0 | D:1      | 0 ||| qw: Game counter: 1039
     0 | D:1      | 0 ||| qw: Melee chars always use a shield: true
     0 | D:1      | 0 ||| qw: God list: Okawaru
     0 | D:1      | 0 ||| qw: Allow faded altars: false
     0 | D:1      | 0 ||| qw: Do Orc after clearing Dungeon:15 true
     0 | D:1      | 0 ||| qw: Do second Lair branch before Depths: true
     0 | D:1      | 0 ||| qw: Lair rune preference: random
     0 | D:1      | 0 ||| qw: Goals: Normal
     0 | D:1      | 0 ||| PLANNING D:1-11
   207 | D:1      | Reached XP level 2. HP: 23/23 MP: 0/0
   553 | D:1      | You are sucked into a shaft and drop 1 floor!
   590 | D:2      | Reached skill level 4 in Ranged Weapons
   590 | D:2      | Reached XP level 3. HP: 24/28 MP: 0/0
   590 | D:2      | Learned a level 1 spell: Freeze
   673 | D:2      | 673 ||| UPGRADING to ring of see invisible.
   674 | D:2      | 674 ||| READING scroll labelled BINENN ACKOWOHO.
   675 | D:2      | 675 ||| READING scroll labelled QUOMNE NEDIOCO.
   675 | D:2      | 675 ||| ENCHANTING +0 shortbow.
   676 | D:2      | 676 ||| READING scroll labelled BEESIRPH NARYFU QUQ.
   777 | D:2      | 777 ||| READING scroll labelled SOGAGH RUSAA.
   782 | D:2      | 782 ||| DROPPING scroll of butterflies.
  1097 | D:2      | HP: 6/29 [ribbon worm (2)]
  1100 | D:2      | Reached XP level 4. HP: 8/34 MP: 0/0
  1401 | D:2      | Reached skill level 3 in Fighting
  1551 | D:2      | 1551 ||| FLEEEEING.
  1954 | D:2      | 1954 ||| READING scroll labelled UGUKKUXZU.
  2055 | D:2      | 2055 ||| READING scroll labelled CAHU WIECUDD.
  2106 | D:3      | 2106 ||| RETREEEEATING.
  2107 | D:3      | 2107 ||| RETREEEEATING.
  2108 | D:3      | 2108 ||| RETREEEEATING.
  2109 | D:3      | 2109 ||| RETREEEEATING.
  2110 | D:3      | 2110 ||| RETREEEEATING.
  2111 | D:3      | 2111 ||| RETREEEEATING.
  2112 | D:3      | 2112 ||| RETREEEEATING.
  2113 | D:3      | 2113 ||| RETREEEEATING.
  2115 | D:3      | 2115 ||| RETREEEEATING.
  2116 | D:3      | 2116 ||| RETREEEEATING.
  2122 | D:3      | HP: 5/35 [gnoll/+0 whip[a gnoll bouda] (5)]
  2122 | D:3      | HP: 1/35 [gnoll/+0 whip[a gnoll bouda] (4)]
  2123 | D:3      | 2123 ||| READING scroll of teleportation.
  2132 | D:3      | 2132 ||| RETREEEEATING.
  2133 | D:3      | 2133 ||| RETREEEEATING.
  2134 | D:3      | 2134 ||| RETREEEEATING.
  2135 | D:3      | 2135 ||| RETREEEEATING.
  2135 | D:3      | HP: 1/35 [gnoll/+0 spear[a gnoll bouda] (4)]
  2135 | D:3      | Slain by an adder

Levels and vault maps discovered:
D:1:      matt_arrival_refuge, layout_basic, chequers_big_river
D:2:      layout_basic, minmay_pentomino_pile
D:3:      layout_basic, hellmonk_sif_muna_bookshelves, serial_rivers,
          chequers_serial_rivers_micro_a, chequers_serial_rivers_large_a,
          chequers_serial_rivers_micro_c, chequers_serial_rivers_large_b,
          hellmonk_ecumenical_altar_watching_god, minmay_misc_feat_hallway,
          nicolae_grassy_gnolls, uniq_terence

Skill      XL: |  1  2  3  4 |
---------------+-------------+-----
Ranged Weapons | 4 |  4.1
Fighting       | 3 |  3.1
Dodging        | |  2.8
Stealth        | |  0.7

Action                     |  1- 3 |  4- 6 || total
---------------------------+-------+-------++-------
   Fire: Shortbow          |    83 |    64 ||   147
    Use: Scroll            |     4 |     3 ||     7
 Armour: Leather armour    |    17 |    22 ||    39
  Dodge: Dodged            |    16 |    19 ||    35

Table legend:
 A = Non-vault XP
 B = Vault XP
 C = Vault XP percentage of total XP
 D = Non-vault monster count
 E = Vault monster count
 F = Vault count percentage of total count
                 A         B        C        D         E       F
            +---------+---------+-------+---------+---------+-------
      Total |     123 |       5 |   3.9 |      41 |       4 |   8.9
            +---------+---------+-------+---------+---------+-------
        D:1 |      29 |       0 |   0.0 |      17 |       0 |   0.0
        D:2 |      85 |       5 |   5.6 |      19 |       4 |  17.4
        D:3 |       9 |       0 |   0.0 |       5 |       0 |   0.0
            +---------+---------+-------+---------+---------+-------
